 Dungeon Crawl Stone Soup version 0.28-a0-987-g8383568036 (webtiles) character file.

Game seed: 12705800035063346966

181 Barra97 the Slasher (level 5, -1/48 HPs)
             Began as a Minotaur Berserker on Dec 3, 2021.
             Was a Priest of Trog.
             Slain by an ufetubus (2 damage)
             ... on level 3 of the Dungeon.
             The game lasted 00:10:27 (3154 turns).

Barra97 the Slasher (Minotaur Berserker)            Turns: 3154, Time: 00:10:27

Health: -1/48      AC:  3    Str: 24    XL:     5   Next: 34%
Magic:  4/4        EV: 12    Int:  4    God:    Trog [***...]
Gold:   133        SH:  0    Dex:  9    Spells: 4/4 levels left

rFire   . . .      SeeInvis .   a - +0 falchion
rCold   . . .      Faith    .   (no shield)
rNeg    . . .      Spirit   .   b - +1 animal skin
rPois   .          Reflect  .   (helmet restricted)
rElec   .          Harm     .   (no cloak)
rCorr   .          Rampage  .   (no gloves)
Will    .....                   (no boots)
Stlth   +.........              (no amulet)
HPRegen 0.16/turn               (no ring)
MPRegen 0.09/turn               (no ring)

@: on berserk cooldown, slowed, very slow
A: horns 2, retaliatory headbutt
a: Renounce Religion, Berserk, Trog's Hand


You were on level 3 of the Dungeon.
You worshipped Trog.
Trog was most pleased with you.
You visited 1 branch of the dungeon, and saw 4 of its levels.

You collected 133 gold pieces.

Inventory:

Hand Weapons
 a - a +0 falchion (weapon)
Armour
 b - a +1 animal skin (worn)
Scrolls
 d - a scroll of identify {unknown}
 e - a scroll of fear {unknown}
 f - a scroll of fog {unknown}
 g - a scroll of brand weapon {unknown}
Potions
 c - 2 potions of haste {unknown}


   Skills:
 * Level 5.2 Fighting
 * Level 5.5 Long Blades
 * Level 3.1 Armour
 + Level 2.7 Dodging
 + Level 0.4 Stealth


You had 4 spell levels left.
You didn't know any spells.
Your spell library was empty.

Dungeon Overview and Level Annotations

Branches:
Dungeon (4/15)
 Temple: D:4-7

Altars:
Dithmenos

Shops:
D:1 =((

Annotations:
D:3 Edmund


Innate Abilities, Weirdness & Mutations

You have a pair of horns on your head.
You reflexively headbutt those who attack you in melee.


Message History

You headbutt Edmund! You hit Edmund.
Edmund is moderately wounded.
The jackal bites you but does no damage.
The jackal bites you. The ufetubus closely misses you. x2
Edmund hits you with a +5 vorpal flail!
You are too injured to fight recklessly!
You are too injured to fight recklessly!
The jackal bites you.
The jackal bites you but does no damage.
The ufetubus barely misses you.
The ufetubus hits you but does no damage.
You climb upwards.
You feel a strong urge to attack something.
There is a stone staircase leading down here.
You hit Edmund.
Edmund is heavily wounded.
The jackal barely misses you. The jackal closely misses you.
You furiously retaliate!
You headbutt the jackal.
You kill the jackal!
Trog accepts your kill. Edmund hits you with a +5 vorpal flail!
* * * LOW HITPOINT WARNING * * *
x2 The ufetubus hits you.
* * * LOW HITPOINT WARNING * * *
The ufetubus hits you.
* * * LOW HITPOINT WARNING * * *
The ufetubus barely misses you. x2
You feel a strong urge to attack something.
You are no longer berserk.
You are exhausted.
You feel yourself slow down. The jackal barely misses you.
The jackal closely misses you. The ufetubus closely misses you.
The ufetubus hits you.
* * * LOW HITPOINT WARNING * * *
The jackal bites you but does no damage.
The ufetubus barely misses you. The ufetubus hits you.
* * * LOW HITPOINT WARNING * * *
The ufetubus hits you.
You die...

#......######....
#....รท.# #....
#......######....
#..>.............
####...........#....
#..............#....
#..@...........#....
#..5h..........#....
#..@...#............
#...................
#...................
#...................
#...................
#...................
#...................
####.......####.....
#......#...####.....


You could see Edmund, an ufetubus and a jackal.

Vanquished Creatures
  A sky beast (D:3)
  An adder (D:3)
  A dart slug (D:2)
  An orc (D:3)
  13 endoplasms
  A giant cockroach (D:3)
  6 goblins
  9 hobgoblins
  5 jackals
  3 kobolds
  5 quokkas
  8 ball pythons
  5 bats
  5 frilled lizards
  3 rats
67 creatures vanquished.

Notes
Turn   | Place    | Note
-------+----------+-------------------------------------------
     0 | D:1      | Barra97 the Minotaur Berserker began the quest for the Orb.
     0 | D:1      | Reached XP level 1. HP: 19/19 MP: 0/0
    97 | D:1      | Found Heuwkisok's Antique Weapon Boutique.
   110 | D:1      | Found Koack's Jewellery Shop.
   287 | D:1      | Reached XP level 2. HP: 24/27 MP: 1/1
   287 | D:1      | Found Musulok's Weapon Boutique.
   638 | D:1      | Found a faded altar of an unknown god.
   831 | D:1      | Reached XP level 3. HP: 28/34 MP: 2/2
   995 | D:1      | Reached ** piety under Trog
  2047 | D:3      | Reached XP level 4. HP: 27/41 MP: 3/3
  2318 | D:3      | Noticed a sky beast
  2339 | D:3      | Killed a sky beast
  2340 | D:3      | Reached skill level 5 in Fighting
  2340 | D:3      | Reached skill level 5 in Long Blades
  2340 | D:3      | Reached XP level 5. HP: 17/48 MP: 4/4
  2641 | D:3      | Found a shadowy altar of Dithmenos.
  2797 | D:3      | Reached *** piety under Trog
  2973 | D:4      | Noticed Edmund
  3152 | D:3      | HP: 2/48 [ufetubus (2)]
  3154 | D:3      | Slain by an ufetubus

Illustrated notes

Levels and vault maps discovered:
D:1:      dpeg_arrival_lava_temple_mockup, layout_loops_ring,
          basic_ecumenical_altar, serial_shops, nicolae_shop_stone, shop,
          nicolae_shop_crystal, roderic_serpentine_path, minivault_14,
          hangedman_abyss_or_decor_lesser_grid
D:2:      layout_basic
D:3:      layout_basic, nicolae_dithmenos_shadow_blocks, moated_statue
D:4:      minmay_razor_zed, layout_layer_cave, kennysheep_mini_moat, uniq_edmund

Skill      XL: |  1  2  3  4 |
---------------+-------------+-----
Fighting       | 4 5 |  5.2
Long Blades    | 4 5 |  5.5
Armour         | 3 |  3.1
Dodging        | |  2.7
Stealth        | |  0.4

Action                   |  1- 3 |  4- 6 || total
-------------------------+-------+-------++-------
Melee: Falchion          |    88 |    40 ||   128
       Headbutt          |    15 |     3 ||    18
Invok: Berserk           |     1 |     2 ||     3
  Use: Scroll            |     5 |       ||     5
Armor: Animal skin       |    13 |    14 ||    27
Dodge: Dodged            |    56 |    38 ||    94

Table legend: (Time is in decaauts)
 A = Elapsed time spent in this place.
 B = Non-inter-level travel time spent in this place.
 C = Inter-level travel time spent in this place.
 D = Time resting spent in this place.
 E = Time spent auto-exploring this place.
 F = Levels seen in this place.
 G = Mean time per level.
                   A        B        C        D        E       F      G
               +--------+--------+--------+--------+--------+-----+--------+
         Total |   3183 |   3096 |     87 |    399 |   2184 |   4 |  795.8 |
       Dungeon |   3183 |   3096 |     87 |    399 |   2184 |   4 |  795.8 |
               +--------+--------+--------+--------+--------+-----+--------+

Top non-repeatable levels by time:
     D:1: 1301 daAuts
     D:3: 1147 daAuts
     D:2: 724 daAuts
     D:4: 10 daAuts
